 Dungeon Crawl Stone Soup version 0.27.1 (webtiles) character file.

Game seed: 12380044607004093869

3087 DearestLeader the Cleaver (level 9, 0/90 HPs)
             Began as a Minotaur Berserker on Sept 3, 2021.
             Was an Elder of Trog.
             Slain by a hornet (11 damage)
             ... on level 8 of the Dungeon.
             The game lasted 00:10:50 (7285 turns).

DearestLeader the Cleaver (Minotaur Berserker)      Turns: 7285, Time: 00:10:51

Health: 0/90       AC: 14    Str: 23    XL:     9   Next: 59%
Magic:  8/8        EV:  7    Int:  5    God:    Trog [****..]
Gold:   265        SH:  0    Dex: 11    Spells: 8/8 levels left

rFire    . . .     SeeInvis .   F - +0 war axe
rCold    . . .     Faith    .   (no shield)
rNeg     . . .     Spirit   .   A - +0 plate armour
rPois    +         Reflect  .   (helmet restricted)
rElec    .         Harm     .   (no cloak)
rCorr    .         Rampage  .   (no gloves)
Will     +....                  v - +0 pair of boots
Stlth    ..........             B - amulet of magic regeneration
HPRegen  0.25/turn              (no ring)
MPRegen  0.36/turn              (no ring)

@: lethally poisoned (0 -> -5), studying Shields
A: horns 2, retaliatory headbutt, strong-willed 1, poison resistance, robust 1
a: Renounce Religion, Berserk, Trog's Hand, Brothers in Arms


You were on level 8 of the Dungeon.
You worshipped Trog.
Trog was greatly pleased with you.
You visited 1 branch of the dungeon, and saw 8 of its levels.

You collected 265 gold pieces.

Inventory:

Hand Weapons
 a - a +0 hand axe
 t - a +3 hunting sling
 F - a +0 war axe (weapon)
Missiles
 e - 47 poisoned darts (quivered)
 p - 252 stones
 q - 35 sling bullets
 I - a throwing net
Armour
 b - a +0 animal skin
 c - a +0 chain mail
 l - a +0 ring mail
 v - a +0 pair of boots (worn)
 A - a +0 plate armour (worn)
Jewellery
 B - an amulet of magic regeneration (around neck)
Wands
 x - a wand of iceblast (8)
Scrolls
 g - 3 scrolls of teleportation
 j - 4 scrolls of enchant armour {unknown}
 k - a scroll of fear {unknown}
 n - 5 scrolls of noise {unknown}
 r - 2 scrolls of torment {unknown}
 s - 2 scrolls of enchant weapon {unknown}
 w - a scroll of fog {unknown}
 y - 3 scrolls of identify
 z - 3 scrolls of magic mapping {unknown}
 C - a scroll of amnesia {unknown}
Potions
 d - a potion of magic {unknown}
 f - 2 potions of attraction
 h - 2 potions of flight
 i - 2 potions of mutation
 m - 2 potions of might
 o - a potion of brilliance {unknown}
 u - a potion of curing {unknown}
 D - a potion of cancellation
 E - a potion of berserk rage {unknown}
 G - a potion of haste {unknown}
 H - a potion of lignification {unknown}


   Skills:
 + Level 8.7 Fighting
 * Level 12.6 Axes
 + Level 6.5 Armour
 - Level 3.0 Dodging


You had 8 spell levels left.
You didn't know any spells.
Your spell library was empty.

Dungeon Overview and Level Annotations

Branches:
Dungeon (8/15)             Temple (0/1) D:7
   Lair: D:8-11

Altars:
Ashenzari
Hepliaklqana
Kikubaaqudgha
Nemelex Xobeh
Uskayaw
Wu Jian
Xom
Yredelemnul


Innate Abilities, Weirdness & Mutations

You have a pair of horns on your head.
You reflexively headbutt those who attack you in melee.
You are strong-willed. (Will+)
Your system is resistant to poisons. (rPois)
You are robust. (+10% HP)


Message History

You feel as though you will be slow longer.
You slash the hornet! Your headbutt misses the hornet.
The hornet is moderately wounded.
You closely miss the orc.
You feel sick.
The hornet stings you but does no damage.
The orc barely misses you. You furiously retaliate!
You headbutt the orc!
You kill the orc!
Trog accepts your kill.
The hornet stings you but does no damage.
You barely miss the hornet.
The hornet is moderately wounded.
You feel very sick. The hornet stings you!
You are more poisoned.
You feel as though you will be slow longer.
The hornet stings you but does no damage.
You hit the hornet but do no damage.
The hornet is moderately wounded.
You feel very sick. The hornet stings you.
You suddenly lose the ability to move!
The hornet stings you!
* * * LOW HITPOINT WARNING * * *
You feel as though you will be slow longer.
You can move again.
It was a potion of cancellation.
Your magical effects are unravelling.
You feel magically purged.
You feel yourself speed up.
You feel very sick.
The hornet stings you but does no damage.
The hornet closely misses you.
It was a potion of mutation.
You feel extremely strange.
You feel resistant to poisons.
You feel robust.
You feel strong-willed.
You feel sick.
The hornet stings you but does no damage.
The hornet completely misses you.
You hit the hornet.
The hornet is moderately wounded.
You feel sick. The hornet stings you!
You die...

. .. ####### ...
##.##..###
....##..##....####
............=....#
#.....)..........#
#....)@........##
#....y#.........##
#....##...<......#
......
##........## #....
..........##
.$##.##.........#
# . ##.......## #.
##......# ......##


You could see a hornet.

Vanquished Creatures
  Pikel (D:6)
  A wraith (D:6)
  Menkaure (D:5)
  Duvessa (D:6)
  2 black bears
  2 necrophages (D:5)
  2 sky beasts
  2 phantoms
  A kobold brigand (D:7)
  A lemure (D:6)
  2 scorpions
  3 water moccasin zombies (D:5)
  Dowan (D:6)
  A howler monkey (D:7)
  4 bullfrog zombies
  2 centaur zombies
  2 jellies
  2 orc priests
  A human zombie (D:5)
  4 hounds
  3 iguanas
  A bullfrog skeleton (D:6)
  2 gnoll shamans
  5 orc wizards
  2 scorpion zombies (D:5)
  A killer bee zombie (D:6)
  A hound zombie (D:5)
  2 mummies (D:5)
  8 gnolls
  3 adders
  4 white imps
  A dart slug (D:1)
  28 orcs
  9 endoplasms
  2 giant cockroaches (D:1)
  7 goblins
  8 hobgoblins
  5 jackals
  3 quokkas
  7 ball pythons
  3 bats
  2 frilled lizards
  13 kobolds
  7 rats
  A spectral goblin (D:4)
164 creatures vanquished.

Vanquished Creatures (others)
  5 dream sheep (D:6)
  5 toadstools (D:1)
10 creatures vanquished.

Grand Total: 174 creatures vanquished

Notes
Turn   | Place    | Note
-------+----------+-------------------------------------------
     0 | D:1      | DearestLeader the Minotaur Berserker began the quest for
                  | the Orb.
     0 | D:1      | Reached XP level 1. HP: 19/19 MP: 0/0
    63 | D:1      | Reached XP level 2. HP: 20/27 MP: 1/1
   158 | D:1      | Reached skill level 4 in Axes
   451 | D:1      | Reached XP level 3. HP: 18/33 MP: 2/2
  1172 | D:2      | Reached skill level 5 in Axes
  1172 | D:2      | Reached XP level 4. HP: 40/40 MP: 3/3
  1806 | D:3      | Reached ** piety under Trog
  1815 | D:3      | Reached skill level 6 in Axes
  1815 | D:3      | Reached XP level 5. HP: 46/46 MP: 4/4
  2308 | D:3      | Found a faded altar of an unknown god.
  2309 | D:3      | Noticed a golden eye
  2311 | D:3      | Noticed a shining eye
  2311 | D:3      | Noticed a golden eye
  2311 | D:3      | Noticed a shining eye
  2482 | D:4      | Reached skill level 7 in Axes
  2660 | D:4      | Noticed a phantom
  2674 | D:4      | Killed a phantom
  2675 | D:4      | Reached XP level 6. HP: 20/52 MP: 5/5
  3468 | D:4      | Found a hazy altar of Hepliaklqana.
  3529 | D:4      | Reached *** piety under Trog
  3646 | D:4      | Found an ornate altar of the Wu Jian Council.
  3651 | D:4      | Found a broken altar of Ashenzari.
  3683 | D:4      | Reached skill level 8 in Axes
  3917 | D:5      | Entered Level 5 of the Dungeon
  3917 | D:5      | Found an ancient bone altar of Kikubaaqudgha.
  3921 | D:5      | Noticed a sky beast
  3945 | D:5      | Killed a sky beast
  3946 | D:5      | Reached skill level 5 in Fighting
  3946 | D:5      | Reached XP level 7. HP: 49/61 MP: 6/6
  4147 | D:5      | Reached skill level 9 in Axes
  4295 | D:5      | Noticed Menkaure
  4565 | D:5      | Killed Menkaure
  4831 | D:5      | Reached skill level 10 in Axes
  4831 | D:5      | Reached XP level 8. HP: 71/71 MP: 7/7
  4933 | D:5      | Found a basalt altar of Yredelemnul.
  5419 | D:6      | Reached skill level 11 in Axes
  5783 | D:6      | Noticed Dowan
  5784 | D:6      | Noticed Duvessa
  5794 | D:6      | Killed Dowan
  5799 | D:6      | Killed Duvessa
  5800 | D:6      | Reached skill level 5 in Armour
  6003 | D:6      | Noticed a dream sheep
  6003 | D:6      | Noticed a dream sheep
  6003 | D:6      | Noticed a dream sheep
  6003 | D:6      | Noticed a dream sheep
  6003 | D:6      | Noticed a dream sheep
  6003 | D:6      | Found a shimmering altar of Xom.
  6008 | D:6      | Killed a dream sheep
  6008 | D:6      | Killed a dream sheep
  6009 | D:6      | Killed a dream sheep
  6010 | D:6      | Killed a dream sheep
  6010 | D:6      | Killed a dream sheep
  6083 | D:6      | Found a hide-covered altar of Uskayaw.
  6105 | D:6      | Noticed Pikel
  6112 | D:6      | Killed Pikel
  6113 | D:6      | Reached XP level 9. HP: 69/81 MP: 8/8
  6215 | D:6      | Reached skill level 12 in Axes
  6414 | D:7      | Found a sparkling altar of Nemelex Xobeh.
  6471 | D:7      | Found a staircase to the Ecumenical Temple.
  6486 | D:7      | Reached **** piety under Trog
  7282 | D:8      | Paralysed by a hornet for 1 turns
  7284 | D:8      | Gained mutation: Your system is resistant to poisons.
                  | (rPois) [potion of mutation]
  7284 | D:8      | Gained mutation: You are robust. (+10% HP) [potion of
                  | mutation]
  7284 | D:8      | Gained mutation: You are strong-willed. (Will+) [potion of
                  | mutation]
  7285 | D:8      | Slain by a hornet

Illustrated notes

Levels and vault maps discovered:
D:1:      ldierk_walled_garden, layout_rooms
D:2:      layout_rooms, roderic_lattice_a
D:3:      layout_rooms, hellmonk_ecumenical_altar_watching_god
D:4:      layout_loops_corners, lemuel_crystal_altar,
          nicolae_hepliaklqana_monster_ancestors, nicolae_wu_jian_wuxing_cycle
D:5:      layout_cave_pods, mainiacjoe_overflow_tiny_flanked,
          lemuel_mausoleum_altar_yredelemnul, minmay_quadrilaterals,
          uniq_menkaure
D:6:      layout_rooms, kb_xom_exploding_sheep, nicolae_uskayaw_suspiria,
          mrwooster_statue_mirror, minmay_misc_feat_x, abandoned_shop,
          minmay_misc_feat_secret_circle, grunt_ministairs_8, uniq_pikel,
          uniq_duvessa
D:7:      layout_rooms, nemelex_altar_shiori, minmay_temple_entry_waves,
          roderic_serpentine_path
D:8:      minmay_the_grid_four_pointed_star [minmay_the_grid_triangle_9x9_alien,
          minmay_the_grid_triangle_9x9_wacky_v,
          minmay_the_grid_triangle_9x9_longest,
          minmay_the_grid_triangle_9x9_tough_junction,
          minmay_the_grid_prize_big_room], layout_cave_pools, pf_just_have_faith

Skill      XL: |  1  2  3  4  5  6  7  8  9 |
---------------+----------------------------+-----
Axes           | 4 5 6 7 8 10 11 12 | 12.6
Fighting       | 4 5 6 8 |  8.7
Armour         | 3 5 6 |  6.5
Dodging        | 3 |  3.0

Action                   |  1- 3 |  4- 6 |  7- 9 || total
-------------------------+-------+-------+-------++-------
Melee: Hand axe          |    61 |   171 |   151 ||   383
       Headbutt          |     5 |    28 |    65 ||    98
       War axe           |       |       |   123 ||   123
Invok: Berserk           |       |     1 |     2 ||     3
       Trog's Hand       |       |       |     1 ||     1
  Use: Scroll            |       |     4 |       ||     4
       Potion            |       |       |     2 ||     2
Armor: Animal skin       |     6 |       |       ||     6
       Ring mail         |       |    14 |       ||    14
       Chain mail        |       |    54 |    22 ||    76
       Plate armour      |       |       |   120 ||   120
Dodge: Dodged            |    46 |    67 |    71 ||   184
